 Dungeon Crawl Stone Soup version 0.20-a0-947-g2784f4f (webtiles) character file.

353 Klosterheim the Cudgeler (level 6, -19/39 HPs)
             Began as a Gargoyle Earth Elementalist on Apr 3, 2017.
             Demolished by Voxish's ghost (25 damage)
             ... on level 4 of the Dungeon.
             The game lasted 00:10:24 (4689 turns).

Klosterheim the Cudgeler (GrEE)                     Turns: 4689, Time: 00:10:25

Health: -19/39     AC: 13    Str: 14    XL:     6   Next: 62%
Magic:  9/9        EV:  6    Int: 15    God:
Gold:   157        SH:  0    Dex: 10    Spells: 9/9 levels left

rFire    . . .     SeeInvis +   b - +3 dire flail (crush)
rCold    . . .     Gourm    .   (shield currently unavailable)
rNeg     + . .     Faith    +   t - +0 chain mail
rPois    ∞         Spirit   .   g - +0 helmet
rElec    +         Reflect  .   (no cloak)
rCorr    .         Harm     .   (no gloves)
MR       .....                  (no boots)
Stlth    ..........             n - amulet of faith
Regen    0.2/turn               h - ring of see invisible
MPRegen  0.2/turn               j - ring of flight

@: no status effects
A: negative energy resistance 1, electricity resistance, unbreathing,
petrification resistance, rot immunity, AC +4
a: Evoke Flight


You were on level 4 of the Dungeon.
You were not hungry.

You visited 1 branch of the dungeon, and saw 4 of its levels.

You collected 157 gold pieces.

Inventory:

Hand Weapons
 a - a +2 whip of venom
 b - a +3 dire flail of crushing (weapon)
Missiles
 u - 102 stones (quivered)
Armour
 c - a +0 robe
 g - a +0 helmet (worn)
 t - a +0 chain mail (worn)
Jewellery
 h - a ring of see invisible (left hand)
 j - a ring of flight (right hand)
 n - an amulet of faith (around neck)
Scrolls
 l - a scroll of amnesia
 m - 3 scrolls of teleportation
 o - a scroll of enchant armour {unknown}
Potions
 k - a potion of brilliance
 p - a potion of lignification {unknown}
 s - a potion of heal wounds {unknown}
Books
 e - a book of Geomancy

   Spells                             Type                      Level
   a - Sandblast                      Earth                        1
   b - Passwall                       Transmutation/Earth          2
   c - Stone Arrow                    Conjuration/Earth            3
   d - Petrify                        Transmutation/Earth          4
   e - Lee's Rapid Deconstruction     Earth                        5
 f - a book of Cantrips

   Spells                             Type                      Level
   a - Confusing Touch                Hexes                        1
   b - Animate Skeleton               Necromancy                   1
   c - Summon Small Mammal            Summoning                    1
   d - Apportation                    Translocation                1
Comestibles
 d - 2 bread rations
 i - 3 fruits


   Skills:
 - Level 4.5 Fighting
 * Level 4.6 Maces & Flails
 - Level 1.5 Dodging
 - Level 2.1 Stealth
 - Level 2.0 Spellcasting
   Level 0.7 Transmutations
   Level 3.6 Earth Magic


You had 9 spell levels left.
You didn't know any spells.

Dungeon Overview and Level Annotations

Branches:
Dungeon (4/15)
 Temple: D:4-7

Altars:
Kikubaaqudgha

Annotations:
D:4 Voxish's ghost, novice OgBe


Innate Abilities, Weirdness & Mutations

You are resistant to torment.
Your stone body is resilient. (AC +4)
You are immune to poison.
You resist negative energy. (rN+)
You are resistant to electric shocks. (rElec)
You can survive without breathing.
You are immune to petrification.
You are immune to rotting.


Message History

All of the chunks of flesh in your inventory have rotted away.
There is a stone staircase leading up here.
Your +2 whip of venom begins to drip with poison!
a - a +2 whip of venom (weapon)
Unknown command.
Your +2 whip of venom stops dripping with poison.
b - a +3 dire flail of crushing (weapon)
Voxish's ghost barely misses you.
You puncture Voxish's ghost!
Voxish's ghost is lightly damaged.
Voxish's ghost hits you!
You hit Voxish's ghost.
Voxish's ghost is moderately damaged.
Voxish's ghost hits you!!
* * * LOW HITPOINT WARNING * * *
You closely miss Voxish's ghost.
Voxish's ghost is moderately damaged.
Voxish's ghost hits you!!
Ouch! That really hurt!
You die...

#... .... .....
..... #.....
#.....#
.......##
.......@#
......).W......
......#.#######
##...##.# ####
#.. ... ...
....


You could see Voxish's ghost.

Vanquished Creatures
  Edmund (D:3)
  Terence (D:3)
  Natasha (thrice) (D:2)
  Robin (D:2)
  2 adders
  2 oozes
  3 worms (D:2)
  A dart slug (D:2)
  A leopard gecko (D:1)
  3 orcs (D:3)
  7 bats
  2 bat zombies (D:2)
  4 giant cockroaches
  14 goblins
  9 hobgoblins
  A jackal (D:2)
  7 kobolds
  2 quokkas (D:3)
  2 ball pythons
  10 frilled lizards
  10 rats
86 creatures vanquished.

Notes
Turn   | Place    | Note
-------+----------+-------------------------------------------
     0 | D:1      | Klosterheim the Gargoyle Earth Elementalist began the quest for the Orb.
     0 | D:1      | Reached XP level 1. HP: 10/10 MP: 3/3
   344 | D:1      | Reached skill level 1 in Fighting
   375 | D:1      | Reached XP level 2. HP: 14/17 MP: 5/5
   553 | D:1      | Reached XP level 3. HP: 19/22 MP: 6/6
  1776 | D:2      | Noticed Robin
  1971 | D:1      | Reached XP level 4. HP: 23/29 MP: 4/7
  2036 | D:2      | Killed Robin
  2755 | D:2      | Found an ancient bone altar of Kikubaaqudgha.
  2867 | D:2      | Noticed Natasha
  2878 | D:2      | Killed Natasha
  2878 | D:2      | Reached skill level 1 in Maces & Flails
  2878 | D:2      | Reached XP level 5. HP: 29/34 MP: 8/8
  2990 | D:2      | Noticed Natasha
  2997 | D:2      | Killed Natasha
  3362 | D:2      | Found an ancient bone altar of Kikubaaqudgha.
  3511 | D:2      | Noticed Natasha
  3521 | D:2      | Killed Natasha
  4386 | D:3      | Noticed Terence
  4394 | D:3      | Killed Terence
  4394 | D:3      | Reached XP level 6. HP: 31/39 MP: 9/9
  4602 | D:4      | Noticed Edmund
  4602 | D:4      | Noticed Voxish's ghost (novice OgBe)
  4620 | D:3      | Killed Edmund
  4689 | D:4      | Demolished by Voxish's ghost

Vault maps used:
D:1:      elethiomel_arrival_maze
D:2:      lemuel_zombie_altar_kikubaaqudgha, grunt_ministairs_14, uniq_robin,
          uniq_natasha
D:3:      first_bread, uniq_terence
D:4:      portal_sewer_entry_f, serial_shops, shop, uniq_edmund

Skill      XL: |  1  2  3  4  5  6 |
---------------+-------------------+-----
Fighting       | 1 2 3 4 |  4.5
Maces & Flails | 1 3 4 |  4.6
Dodging        | |  1.5
Stealth        | |  2.1
Spellcasting   | |  2.0
Transmutations | |  0.7
Earth Magic    | |  3.6

Action                   |  1- 3 |  4- 6 || total
-------------------------+-------+-------++-------
Melee: Unarmed           |    23 |       ||    23
       Whip              |   136 |   153 ||   289
       Dire flail        |       |     3 ||     3
 Cast: Sandblast         |    18 |    14 ||    32
  Use: Scroll            |       |     5 ||     5
       Potion            |       |     2 ||     2
 Stab: Sleeping          |     1 |     2 ||     3
       Distracted        |       |     1 ||     1
  Eat: Chunk             |     4 |     9 ||    13
Armor: Robe              |    73 |    63 ||   136
       Chain mail        |       |     4 ||     4
Dodge: Dodged            |   117 |   103 ||   220
